Map: [ESL] Site Delta

Players

BattleB

  • Race: Terran Terran
  • Spawn Location: 11:00

MaNa - Winner!

  • Race: Protoss Protoss
  • Spawn Location: 5:00

Event: ESL SC2 Masters 2024 Spring (Regional)

VOD

Have the link to the VOD?

Description

Time

  • Played on: April 16, 2024, 10:31 a.m.
  • Length: 7:57

All games in this series

Show
View Real Time Build Order
Export as new Build Order

BattleB Terran 

Build Orders: Reaper Expand 

Get SALT Encoding   

  12  0:00  SCV  
  13  0:12  SCV  
  14  0:17  Supply Depot  
  14  0:24  SCV  
  15  0:38  SCV  
  15  0:41  Barracks  
  16  0:45  Refinery  
  16  0:50  SCV  
  17  1:02  SCV  
  18  1:14  SCV  
  19  1:28  Orbital Command, Reaper  
  20  1:37  Command Center  
  20  1:49  Supply Depot  
  20  1:54  SCV  
  21  2:00  Marine  
  22  2:06  SCV  
  22  2:07  Factory  
  23  2:17  Bunker  
  23  2:18  SCV  
  23  2:20  Refinery  
  23  2:22  Marine  
  25  2:30  SCV  
  26  2:40  Barracks Reactor  
  26  2:42  SCV  
  27  2:51  Widow Mine, Orbital Command  
  29  2:54  SCV  
  29  2:57  Starport  
  30  3:06  SCV  
  30  3:12  Widow Mine  
  33  3:16  SCV  
  33  3:18  SCV  
  35  3:21  Marine x2  
  37  3:28  SCV, Supply Depot  
  37  3:30  SCV  
  37  3:33  Medivac  
  41  3:34  Factory Tech Lab  
  41  3:38  Marine  
  41  3:39  Marine  
  41  3:40  SCV  
  44  3:42  SCV  
  45  3:52  SCV  
  45  3:53  Supply Depot  
  45  3:55  SCV  
  47  3:56  Siege Tank  
  47  3:59  Marine x2  
  49  4:03  Barracks  
  49  4:05  SCV  
  49  4:08  SCV  
  50  4:16  Liberator  
  50  4:17  SCV, Marine x2  
  51  4:20  SCV  
  53  4:29  SCV  
  54  4:34  SCV  
  54  4:38  Marine x2  
  57  4:39  Siege Tank  
  57  4:41  SCV  
  57  4:43  Supply Depot  
  57  4:44  Supply Depot  
  60  4:46  SCV  
  61  4:54  Command Center  
  61  4:56  SCV  
  61  4:59  Starport Tech Lab  
  62  5:05  SCV, Marine  
  64  5:11  Siege Tank  
  64  5:13  SCV  
  68  5:17  SCV, Marine  
  69  5:25  Marine  
  65  5:33  SCV x2  
  65  5:34  Engineering Bay  
  65  5:35  Barracks, Marine  
  66  5:37  Engineering Bay  
  66  5:38  Refinery  
  66  5:39  Refinery  
  66  5:42  Marine  
  65  5:43  Marine  
  65  5:45  SCV  
  65  5:47  Stimpack  
  65  5:49  SCV  
  68  5:53  Factory Reactor  
  68  5:55  Marine  
  63  5:58  SCV  
  63  5:59  Starport Reactor, Marine  
  61  6:05  Marine  
  61  6:09  Orbital Command  
  58  6:13  SCV x2  
  58  6:14  Marine  
  57  6:19  Barracks  
  57  6:20  Barracks  
  57  6:22  Marauder  
  57  6:27  SCV x2  
  57  6:28  Marine  
  57  6:32  Marine  
  59  6:34  Marauder  
  59  6:37  SCV  
  59  6:39  SCV, Widow Mine  
  65  6:41  Widow Mine  
  65  6:42  SCV  
  65  6:45  Marauder  
  69  6:53  Marine x2  
  67  6:54  Medivac  
  67  6:55  Marauder  
  67  6:56  SCV x2  
  68  7:02  SCV  
  68  7:05  Widow Mine x2  
  68  7:06  Marine x2  
  68  7:08  SCV  
  73  7:09  Marine  
  73  7:10  SCV, Marine  
  73  7:12  Marine  
  69  7:16  Marine  
  69  7:20  Medivac  
  69  7:22  SCV  
  63  7:24  Marine x2  
  63  7:26  Marine  
  63  7:27  Widow Mine  
  62  7:33  SCV x2, Marine x2  
  62  7:35  Marauder  
  68  7:44  SCV  
Show
View Real Time Build Order
Export as new Build Order

MaNa Protoss - Winner!

Build Orders: 1 Gate Expand, Oracle Opening, Blink Stalkers 

Get SALT Encoding   

  12  0:00  Probe  
  13  0:12  Probe  
  14  0:16  Pylon  
  14  0:19  Pylon  
  14  0:24  Probe  
  15  0:37  Probe (Chrono Boost)  
  15  0:39  Gateway  
  16  0:47  Probe (Chrono Boost)  
  16  0:48  Assimilator  
  17  0:52  Probe (Chrono Boost)  
  18  1:04  Probe  
  19  1:16  Probe  
  20  1:26  Cybernetics Core  
  20  1:37  Nexus  
  20  1:40  Probe  
  20  1:46  Pylon  
  21  1:52  Probe (Chrono Boost)  
  22  1:55  Assimilator  
  22  2:03  Adept (Chrono Boost)  
  22  2:04  Probe (Chrono Boost)  
  25  2:09  Probe (Chrono Boost)  
  26  2:19  Stargate  
  26  2:22  Probe  
  27  2:27  Warp Gate  
  27  2:34  Probe  
  27  2:35  Adept  
  30  2:48  Probe (Chrono Boost)  
  30  2:51  Probe (Chrono Boost)  
  32  2:55  Gateway  
  32  2:58  Probe (Chrono Boost)  
  33  3:00  Probe (Chrono Boost)  
  33  3:03  Oracle (Chrono Boost)  
  37  3:05  Probe  
  37  3:10  Probe  
  39  3:18  Twilight Council  
  39  3:19  Probe  
  40  3:22  Probe  
  41  3:27  Stalker  
  41  3:31  Probe  
  41  3:32  Pylon  
  44  3:34  Probe  
  45  3:43  Probe  
  45  3:47  Blink (Chrono Boost)  
  45  3:48  Gateway  
  46  3:50  Probe  
  46  3:53  Pylon  
  46  3:55  Probe  
  46  4:02  Probe  
  47  4:07  Probe  
  48  4:13  Phoenix  
  48  4:14  Probe  
  51  4:19  Probe  
  52  4:24  Assimilator  
  52  4:26  Probe  
  52  4:27  Gateway  
  53  4:32  Stalker x2  
  53  4:36  Assimilator  
  57  4:39  Nexus  
  57  4:46  Stalker  
  57  4:47  Pylon, Probe  
  57  4:49  Probe  
  61  4:53  Pylon  
  61  4:59  Probe  
  62  5:03  Robotics Facility  
  62  5:08  Stalker  
  62  5:09  Stalker  
  62  5:10  Probe  
  62  5:11  Probe  
  68  5:19  Stalker  
  70  5:23  Probe x2  
  70  5:29  Stalker  
  70  5:33  Stalker x2  
  70  5:35  Probe  
  77  5:41  Probe  
  78  5:43  Shield Battery  
  78  5:46  Pylon  
  78  5:47  Pylon  
  78  5:50  Probe  
  78  5:56  Warp Prism (Chrono Boost)  
  77  5:58  Charge (Chrono Boost)  
  77  5:59  Probe x2  
  77  6:03  Probe  
  76  6:10  Stalker x2  
  76  6:11  Probe x2  
  81  6:15  Probe  
  83  6:23  Probe x2  
  85  6:27  Observer (Chrono Boost), Probe  
  85  6:31  Zealot x2  
  91  6:33  Zealot x2  
  91  6:35  Probe  
  96  6:40  Robotics Bay, Forge  
  96  6:50  Probe  
  91  7:03  Stalker x3  
  91  7:04  Stalker  
  93  7:11  Probe x2  
  93  7:12  Nexus  
  93  7:14  Pylon  
  87  7:19  Probe  
  88  7:23  Probe  
  88  7:27  Stalker x4, Probe  
  96  7:40  Gateway  
  102  7:44  Gateway  
  102  7:45  Gateway x2  
  102  7:52  Zealot x4  
Tags
 
Add a new tag
Caveats
  • Supply blocks, unpowered buildings, or Contaminate may cause inaccurate times.
  • Supply counts are checked every 10 seconds.